AoeStats
← 297539664

Black Forest

509908338Analyzed
4v4 RM · 3d ago on Sep 28, 2026· 48m 27s· 8 players
Game mode
Random Map
Map size
Large (8 player)
Population
200
Speed
Normal
Resources
Standard
Victory
Conquest
Starting age
Dark Age
Ending age
Imperial Age
RankedLock teamsTeams togetherTeam positionsShared explorationLock speedFull tech treeHidden civsTurbo modeCheats
Victory
Defeat
🇦🇷 Varangians · Argentina
1448
+15
🇨🇳 Britons · China
1441
+15
🇹🇼 Japanese · Taiwan
1411
+16
🇨🇳 Slavs · China
1404
+16
🇨🇳 Portuguese · China
1464
-17
🇨🇿 Bohemians · Czechia
1437
-16
🇹🇷 Khmer · Türkiye
1416
-16
🇹🇼 Franks · Taiwan
1346
-13
297539664
0:49 Loom
11:33 Feudal Age
15:10 Castle Age
14:04 Double-Bit Axe
16:20 Bow Saw
16:18 Horse Collar
24:14 Wheelbarrow
26:10 Gold Mining
26:38 Hand Cart
27:47 Gold Shaft Mining
30:19 Imperial Age
27:52 Scale Mail Armor
28:03 Forging
28:12 Pikeman
28:53 Squires
29:09 Chain Mail Armor
30:37 Iron Casting
31:30 Druzhina
31:53 Chain Mail Armor
32:13 Iron Casting
31:00 Halberdier
31:02 Capped Ram
33:10 Plate Mail Armor
32:04 Siege Ram
32:17 Man-at-Arms
35:03 Blast Furnace
36:29 Detinets
39:06 Two-Man Saw
39:07 Long Swordsman
40:04 Onager
43:12 Two-Handed Swordsman
No_English
7:17 Loom
9:56 Feudal Age
10:02 Man-at-Arms
10:49 Double-Bit Axe
15:23 Horse Collar
19:50 Wheelbarrow
23:57 Castle Age
21:52 Stone Mining
23:33 Scale Mail Armor
23:47 Gold Mining
24:03 Pikeman
25:02 Bow Saw
25:39 Chain Mail Armor
25:21 Town Watch
25:45 Heavy Plow
26:41 Town Watch
27:47 Squires
30:05 Hand Cart
34:25 Imperial Age
32:18 Gambesons
33:12 Gold Shaft Mining
32:56 Fletching
33:17 Forging
34:09 Fortified Wall
34:39 Bodkin Arrow
34:35 Halberdier
36:05 Iron Casting
38:26 Blast Furnace
41:44 Plate Mail Armor
42:08 Yasama
44:25 Conscription
45:17 Kataparuto
02287
10:05 Feudal Age
11:15 Double-Bit Axe
13:48 Castle Age
12:15 Horse Collar
13:59 Wheelbarrow
14:56 Bow Saw
22:46 Gold Mining
23:36 Hand Cart
23:17 Stone Mining
27:42 Imperial Age
24:58 Loom
25:18 Fletching
25:29 Padded Archer Armor
25:28 Treadmill Crane
25:57 Bodkin Arrow
26:45 Gold Shaft Mining
27:21 Ballistics
27:20 Leather Archer Armor
27:27 Heavy Plow
29:39 Two-Man Saw
29:04 Conscription
29:26 Yeomen
29:04 Elite Longbowman
30:26 Bracer
31:43 Chemistry
30:52 Warwolf
32:08 Ring Archer Armor
32:44 Siege Engineers
33:01 Caravan
33:29 Guilds
35:26 Masonry
35:11 Murder Holes
35:22 Scale Mail Armor
35:32 Forging
36:18 Hoardings
36:06 Sanctity
35:42 Herbal Medicine
36:51 Chain Mail Armor
37:51 Iron Casting
36:38 Pikeman
37:18 Squires
37:03 Arson
39:29 Plate Mail Armor
40:05 Blast Furnace
39:48 Guard Tower
39:43 Arrowslits
40:30 Architecture
42:01 Keep
40:54 Halberdier
40:54 Man-at-Arms
41:19 Gambesons
42:58 Long Swordsman
43:44 Town Watch
44:40 Two-Handed Swordsman
46:09 Coinage
47:07 Champion
49:26 Banking
Archer
10:17 Feudal Age
11:12 Double-Bit Axe
12:32 Horse Collar
20:49 Castle Age
21:53 Bow Saw
21:46 Heavy Plow
24:52 Wheelbarrow
26:33 Gold Mining
27:05 Stone Mining
28:25 Stone Shaft Mining
29:29 Hand Cart
32:25 Imperial Age
30:44 Forging
31:23 Bloodlines
31:13 Husbandry
31:20 Scale Barding Armor
32:11 Iron Casting
31:46 Loom
31:46 Town Watch
32:26 Ballistics
33:26 Chain Barding Armor
33:47 Conscription
32:48 Elite Jarl
34:02 Town Patrol
35:04 Chemistry
34:49 Plate Barding Armor
35:18 Blast Furnace
35:29 Crop Rotation
36:08 Two-Man Saw
44:43 Coinage
44:23 Guilds
44:15 Caravan
44:12 Capped Ram
Mr_Asphalt
1:29 Loom
11:17 Feudal Age
14:55 Castle Age
12:55 Double-Bit Axe
13:17 Horse Collar
17:37 Bow Saw
19:36 Heavy Plow
21:51 Fervor
24:00 Wheelbarrow
27:46 Imperial Age
27:18 Chemistry
26:40 Ballistics
26:23 Padded Archer Armor
27:28 Hand Cart
27:09 Fletching
28:08 Houfnice
29:55 Conscription
29:56 Wagenburg Tactics
30:38 Siege Engineers
30:57 Elite Skirmisher
32:37 Leather Archer Armor
32:18 Bodkin Arrow
34:45 Ring Archer Armor
34:16 Bracer
36:31 Masonry
36:17 Murder Holes
38:58 Caravan
39:29 Coinage
39:09 Guilds
mylove__
11:21 Feudal Age
14:09 Castle Age
12:14 Double-Bit Axe
13:35 Horse Collar
15:07 Bow Saw
18:45 Heavy Plow
24:45 Loom
25:35 Wheelbarrow
25:56 Gold Mining
29:05 Imperial Age
27:04 Scale Barding Armor
26:49 Fletching
27:10 Forging
27:34 Bloodlines
27:24 Husbandry
28:48 Chain Barding Armor
29:04 Iron Casting
29:34 Elite Battle Elephant
31:06 Plate Barding Armor
32:10 Blast Furnace
32:39 Crop Rotation
33:02 Caravan
34:15 Tusk Swords
35:03 Conscription
43:03 Heavy Scorpion
43:45 Double Crossbow
44:07 Ballistics
44:47 Chemistry
44:29 Elite Ballista Elephant
45:20 Siege Engineers
Dean
3:04 Loom
11:25 Feudal Age
15:42 Castle Age
13:44 Double-Bit Axe
14:57 Gold Mining
19:34 Bow Saw
23:36 Wheelbarrow
24:49 Forging
25:10 Scale Barding Armor
25:23 Husbandry
26:00 Iron Casting
27:39 Chain Barding Armor
28:07 Hand Cart
28:53 Gold Shaft Mining
28:38 Town Watch
32:38 Imperial Age
30:55 Caravan
30:45 Ordonnance Companies
31:17 Fletching
31:28 Padded Archer Armor
31:56 Town Patrol
32:29 Bodkin Arrow
33:36 Leather Archer Armor
33:43 Conscription
33:27 Chivalry
33:10 Cranequins
33:25 Heavy Mounted Crossbowman
36:19 Blast Furnace
35:18 Cavalier
38:07 Hoardings
37:02 Paladin
41:35 Plate Barding Armor
44:05 Squires
43:26 Pikeman
44:41 Light Cavalry
45:09 Arson
Mambobo
2:54 Loom
11:39 Feudal Age
27:52 Castle Age
34:23 Imperial Age
32:00 Double-Bit Axe
Connection lost

Rejoining the realm…

Still unreachable

The connection could not be restored.

Session expired

The server has moved on; the page needs a fresh start.